 Dungeon Crawl Stone Soup version 0.18-a0-25-g5abf10f (webtiles) character file.

4660 TruthSerum the Fighter (level 10, -1/100 HPs)
             Began as a Minotaur Fighter on Nov 4, 2015.
             Slain by a red ugly thing (22 damage)
             ... on level 10 of the Dungeon.
             The game lasted 00:28:07 (5520 turns).

TruthSerum the Fighter (Minotaur Fighter)           Turns: 5520, Time: 00:28:07

Health: -1/100     AC: 13    Str: 26    XL:     10   Next: 20%
Magic:  9/9        EV:  6    Int:  5    God:
Gold:   735        SH: 11    Dex: 13    Spells: 0 memorised, 9 levels left

rFire  . . .     SeeInvis .     a - +2 flail
rCold  . . .     Clarity  .     u - +0 chain mail
rNeg   . . .     SustAt   .     c - +1 shield
rPois  .         Gourm    .     (helmet restricted)
rElec  .         Spirit   .     p - +2 cloak
rCorr  .         Warding  .     j - +0 pair of gloves
rMut   .         Stasis   .     (no boots)
MR     .....                    k - amulet of regeneration
Stlth  ..........               (no ring)
                                (no ring)

@: mighty, not resistant to hostile enchantments, extremely unstealthy
A: retaliatory headbutt, horns 2
a: no special abilities


You were on level 10 of the Dungeon.
You were hungry.

You visited 2 branches of the dungeon, and saw 10 of its levels.

You collected 735 gold pieces.

Inventory:

Hand Weapons
 a - a +2 flail (weapon)
Armour
 b - a +0 scale mail
 c - a +1 shield (worn)
 j - a +0 pair of gloves (worn)
 p - a +2 cloak (worn)
 u - a +0 chain mail (worn)
 C - a +0 plate armour
Jewellery
 k - an amulet of regeneration (around neck)
 q - an uncursed amulet of guardian spirit
Wands
 m - a wand of fireball (10)
 y - a wand of polymorph (7)
 B - a wand of polymorph (19)
 D - a wand of teleportation (4)
Scrolls
 f - 2 scrolls of remove curse
 h - 3 scrolls of fog
 l - a scroll of holy word {unknown}
 r - a scroll of blinking
 x - 2 scrolls of teleportation
 A - a scroll of recharging
Potions
 i - 3 potions of curing
 s - 4 potions of heal wounds {unknown}
 t - a potion of flight {unknown}
 v - a potion of beneficial mutation {unknown}
 w - a potion of mutation {unknown}
Comestibles
 e - 11 bread rations
 g - 4 meat rations
 n - 11 fruits
 z - a chunk of flesh


   Skills:
 + Level 12.7 Fighting
 + Level 12.5 Maces & Flails
 - Level 3.6 Armour
 - Level 3.6 Shields


You had 9 spell levels left.
You didn't know any spells.

Dungeon Overview and Level Annotations

Branches:
Dungeon (10/15)            Temple (1/1) D:6             Orc (0/4) D:10
   Lair: D:8-11

Altars:
Ashenzari
Cheibriados
Dithmenos
Elyvilon
Fedhas
Kikubaaqudgha
Makhleb
Nemelex Xobeh
Qazlal
Ru
Sif Muna
Trog
Xom
Yredelemnul
Zin
The Shining One


Innate Abilities, Weirdness & Mutations

You reflexively headbutt those who attack you in melee.
You have a pair of horns on your head.


Message History

You are too injured to fight recklessly!
You are too injured to fight recklessly!
You are too injured to fight recklessly!
You are too injured to fight recklessly!
You are too injured to fight recklessly!
You are too injured to fight recklessly!
You are too injured to fight recklessly!
You closely miss the red ugly thing. You headbutt the red ugly thing!
The red ugly thing is heavily wounded.
You block the red ugly thing's attack.
You barely miss the red ugly thing.
Your headbutt misses the red ugly thing.
The red ugly thing is heavily wounded.
The red ugly thing punches you but does no damage.
You thump the red ugly thing!
The red ugly thing is severely wounded.
The red ugly thing punches you.
* * * LOW HITPOINT WARNING * * *
You are engulfed in flames!!
You die...

##### ## ###)).#####...#
###########.()8.......8.#
...........)#)).#####..
[.........#.####)###'#
..........#.# ##().#
...#........# #)>.#
##.#..####### ##...#
#....+ #@###'# #....#
#oou## #.. #....# ....l8h
.8.# #....# ...#..o ..#
.. #.## ### #. #


You could see a red ugly thing, a black bear, an orc priest, 2 orcs and a giant
gecko.

Vanquished Creatures
  A spriggan (D:7)
  A hungry ghost (D:8)
  2 steam dragons
  4 black bears
  5 orc warriors
  4 ogres
  3 ice beasts
  The ghost of SkyDiva the Charmwright, an amateur HESk of Elyvilon (D:4)
  17 big kobolds (D:8)
  7 giant frogs
  4 hounds
  A centaur skeleton (D:8)
  5 orc priests
  3 giant frog skeletons
  Crazy Yiuf (D:2)
  2 iguanas
  3 crimson imps
  2 orc wizards
  6 worker ants
  2 worker ant zombies
  8 adders
  2 oozes (D:4)
  3 adder zombies
  3 adder skeletons
  8 giant geckos
  35 orcs
  5 ball pythons
  6 giant cockroaches
  13 goblins
  3 hobgoblins
  23 jackals
  5 quokkas
  2 bats
  6 giant newts
  3 jackal skeletons
  23 kobolds
  13 rats
  3 fungi (D:1)
238 creatures vanquished.

Vanquished Creatures (others)
  A human (D:4)
1 creature vanquished.

Grand Total: 239 creatures vanquished

Notes
Turn   | Place    | Note
--------------------------------------------------------------
     0 | D:1      | TruthSerum the Minotaur Fighter began the quest for the Orb.
     0 | D:1      | Reached XP level 1. HP: 19/19 MP: 0/0
   177 | D:1      | Reached XP level 2. HP: 27/27 MP: 1/1
   509 | D:1      | Reached skill level 4 in Fighting
   988 | D:2      | Noticed Crazy Yiuf
   991 | D:2      | Killed Crazy Yiuf
   991 | D:2      | Reached XP level 3. HP: 32/34 MP: 2/2
  1156 | D:2      | Reached XP level 4. HP: 41/41 MP: 3/3
  1238 | D:2      | Reached skill level 5 in Fighting
  2192 | D:4      | Reached XP level 5. HP: 49/49 MP: 4/4
  2204 | D:4      | Noticed an ogre
  2211 | D:4      | Noticed SkyDiva's ghost (amateur HESk)
  2212 | D:4      | Killed an ogre
  2212 | D:4      | Reached skill level 6 in Fighting
  2212 | D:4      | Reached skill level 5 in Maces & Flails
  2227 | D:4      | Killed SkyDiva's ghost
  2227 | D:4      | Reached XP level 6. HP: 53/58 MP: 5/5
  2727 | D:4      | Found an ancient bone altar of Kikubaaqudgha.
  2734 | D:4      | Noticed a human
  2736 | D:4      | Killed a human
  2765 | D:5      | Entered Level 5 of the Dungeon
  2784 | D:5      | Reached skill level 7 in Fighting
  2801 | D:5      | Reached XP level 7. HP: 66/66 MP: 6/6
  2817 | D:5      | Found a white marble altar of Elyvilon.
  3094 | D:5      | Reached skill level 8 in Fighting
  3387 | D:6      | Found a staircase to the Ecumenical Temple.
  3403 | D:6      | Reached XP level 8. HP: 75/75 MP: 7/7
  3415 | Temple   | Entered the Ecumenical Temple
  3810 | D:6      | Reached skill level 9 in Fighting
  4070 | D:7      | Found a shattered altar of Ashenzari.
  4156 | D:7      | Reached skill level 10 in Fighting
  4169 | D:7      | Reached skill level 10 in Maces & Flails
  4266 | D:7      | Reached XP level 9. HP: 80/86 MP: 8/8
  4267 | D:7      | Found a basalt altar of Yredelemnul.
  4819 | D:8      | Reached skill level 11 in Fighting
  4868 | D:8      | Reached skill level 12 in Fighting
  5277 | D:8      | Reached XP level 10. HP: 63/99 MP: 9/9
  5402 | D:8      | You fall through a shaft for 2 floors!
  5402 | D:10     | Entered Level 10 of the Dungeon
  5480 | D:10     | Found a staircase to the Orcish Mines.
  5511 | D:10     | Noticed a red ugly thing
  5520 | D:10     | Slain by a red ugly thing

Vault maps used:
D:1:      dpeg_arrival_rooms_b, minmay_gold_behind_fungi
D:2:      first_bread, uniq_crazy_yiuf_cottage
D:4:      tgw_kikubaaqudgha
D:5:      kennysheep_steamy, old_standard_altar
D:6:      minmay_temple_entry_trees
D:7:      yredelemnul_altar_generic, basic_altar, the_bakery
D:8:      minitemple, special_room
D:10:     hiddenorc2_lemuel
Temple:   hc_temple_tempest_star

Action                   |  1- 3 |  4- 6 |  7- 9 | 10-12 || total
-------------------------+-------+-------+-------+-------++-------
Melee: Flail             |   115 |   159 |   282 |    77 ||   633
  Use: Scroll            |     3 |     6 |     5 |     1 ||    15
       Potion            |       |     1 |     2 |     1 ||     4
  Eat: Chunk             |     1 |     6 |    10 |     1 ||    18
